cohdb
Replays
Latest Replays
All Replays
Popular Replays
Top Player Replays
Match Explorer
How It Works
Community
CoH3 Stats
Reddit
Sign in to upload your games and track your stats! →
Sign in with Steam
Match 41615453
Unlisted
Match 41615453
Overview
Messages
Build Orders
End
Construct Barracks
Selects Special Operations Battlegroup
Scout Squad
Riflemen Squad
Riflemen Squad
M1 Mortar Team
Grenade Package
Riflemen Squad
Construct Medical Station
Infantry Support Center
Selects M29 Weasel Recon Vehicle
Construct Motor Pool
M24 Chaffee Light Tank
M1918 Browning Automatic Rifles
M24 Chaffee Light Tank
Selects P-47 Anti-Infantry Loiter
Selects UNKNOWN (2162291)
Selects Raiding Flares
Engineer Squad
Construct Tank Depot
P-47 Anti-Infantry Loiter
M4A1 Sherman Medium Tank
Raiding Flares
Selects SSF Commando Squad
Selects Assault Operation
M4A1 Sherman Whizbang
Raiding Flares
Jaremir
Bruistablet
R.R.
NoLifeIsPower
0
0
Comments
sign in to comment!
No comments posted yet!